 Dungeon Crawl Stone Soup version 0.29.0-13-gc9e81de378 (webtiles) character file.

Game seed: 15764200101967802

118 iguanaiguana the Trooper (level 4, -9/41 HPs)
             Began as a Minotaur Fighter on Sept 7, 2022.
             Killed by divine providence
             ... invoked by an orc priest
              (12 damage)
             ... on level 3 of the Dungeon.
             The game lasted 00:00:51 (2359 turns).

iguanaiguana the Trooper (Minotaur Fighter)         Turns: 2359, Time: 00:00:52

Health: -9/41      AC:  7    Str: 22    XL:     4   Next: 72%
Magic:  3/3        EV:  9    Int:  5    God:
Gold:   115        SH:  4    Dex: 10    Spells: 3/3 levels left

rFire   . . .      SeeInvis .   a - +0 war axe
rCold   . . .      Faith    .   c - +0 buckler
rNeg    . . .      Spirit   .   b - +0 scale mail
rPois   .          Reflect  .   (helmet restricted)
rElec   .          Harm     .   (no cloak)
rCorr   .          Rampage  .   (no gloves)
Will    .....                   (no boots)
Stlth   ..........              (no amulet)
HPRegen 0.13/turn               (no ring)
MPRegen 0.08/turn               (no ring)

@: no status effects
A: horns 2, retaliatory headbutt
a: no special abilities


You were on level 3 of the Dungeon.
You visited 1 branch of the dungeon, and saw 3 of its levels.

You collected 115 gold pieces.

Inventory:

Hand Weapons
 a - a +0 war axe (weapon)
Armour
 b - a +0 scale mail (worn)
 c - a +0 buckler (worn)
Jewellery
 o - a ring of see invisible
 p - a +6 ring of strength
Scrolls
 f - a scroll of fear {unknown}
 g - a scroll of poison {unknown}
 h - a scroll of amnesia {unknown}
 i - a scroll of vulnerability {unknown}
 j - a scroll of teleportation {unknown}
 k - 2 scrolls of magic mapping {unknown}
 l - a scroll of enchant weapon {unknown}
 n - 2 scrolls of identify {unknown}
Potions
 d - 2 potions of might {@q3}
 e - 2 potions of mutation {unknown}
 m - a potion of lignification {unknown}
 q - a potion of attraction {unknown}
 r - 2 potions of heal wounds {unknown}


   Skills:
 + Level 4.4 Fighting
 * Level 4.2 Axes
 + Level 4.3 Armour
 + Level 4.3 Shields


You had 3 spell levels left.
You didn't know any spells.
Your spell library contained the following spells:

 Spells                   Type           Power      Damage    Failure   Level
 Summon Forest            Summ/Tloc      0%         N/A       100%        5
 Summon Mana Viper        Hex/Summ       0%         N/A       100%        5
 Summon Cactus Giant      Summ           0%         N/A       100%        6


Dungeon Overview and Level Annotations

Branches:
Dungeon (3/15) Zot: 15594

Altars:
Gozag
Ru


Innate Abilities, Weirdness & Mutations

You have a pair of horns on your head.
You reflexively headbutt those who attack you in melee.


Message History

You are too injured to fight recklessly!
You are too injured to fight recklessly!
The orc wizard casts a spell.
The orc wizard flickers and vanishes!
Deactivating autopickup; reactivate with Ctrl-A.
An orc comes into view. It is wielding a +0 flail.
The orc wizard points at you and mumbles some strange words.
The puff of flame hits you. a +0 war axe; an orc corpse The orc priest mumbles some strange prayers to Beogh against you.
Beogh smites you!
* * * LOW HITPOINT WARNING * * *
The kobold attacks as you move away! The kobold hits you with a +0 dagger.
* * * LOW HITPOINT WARNING * * *
The kobold attacks as you move away!
You closely miss the kobold. You slash the kobold!
You kill the kobold!
You slash the orc wizard!
You kill the orc wizard!
The orc shouts!
Items here: )) [ †.
You hit something. Something hits you.
* * * LOW HITPOINT WARNING * * *
You hear some strange, mumbled words.
A magic dart appears from out of thin air!
You barely miss something. You miss something.
You hear some strange, mumbled words.
A magic dart appears from out of thin air!
The magic dart hits you!
* * * LOW HITPOINT WARNING * * *
You closely miss something. You closely miss something. You miss something.
You closely miss something. Something hits you.
* * * LOW HITPOINT WARNING * * *
The orc priest calls down the wrath of Beogh upon you.
Beogh smites you!
You die...

<....≈≈≈≈≈≈≈≈≈...#
...............###
.....#####..####
.......###.##
(...##.....#
....######.##
##### #..#####
##.....####
#####.@{o########
#######o#.......
..........###
#######...>.#
#####..# #..o.
#..... ..{.. ..o.


You could see an orc priest and an orc.

Vanquished Creatures
  An orc priest (D:3)
  An orc wizard (D:3)
  2 worms (D:3)
  A dart slug (D:1)
  4 orcs (D:3)
  6 endoplasms
  2 giant cockroaches (D:1)
  7 goblins
  5 hobgoblins
  A quokka (D:2)
  2 ball pythons (D:1)
  5 bats
  6 frilled lizards (D:1)
  6 kobolds
  9 rats
58 creatures vanquished.

Notes
Turn   | Place    | Note
-------+----------+-------------------------------------------
     0 | D:1      | iguanaiguana the Minotaur Fighter began the quest for the
                  | Orb.
     0 | D:1      | Reached XP level 1. HP: 19/19 MP: 0/0
   223 | D:1      | Reached XP level 2. HP: 17/27 MP: 1/1
   826 | D:1      | Reached XP level 3. HP: 33/33 MP: 2/2
  1283 | D:2      | Found a faded altar of an unknown god.
  2063 | D:3      | Found an opulent altar of Gozag.
  2068 | D:3      | Reached XP level 4. HP: 40/40 MP: 3/3
  2110 | D:3      | Found a sacrificial altar of Ru.
  2359 | D:3      | Killed from afar by an orc priest

Illustrated notes

Levels and vault maps discovered:
D:1:      dpeg_arrival_connections, layout_basic, hex_tiny
D:2:      layout_basic, basic_ecumenical_altar, lightli_corner_chamber
D:3:      layout_rooms, mainiacjoe_overflow_concentric_impassable,
          old_standard_altar

Skill      XL: |  1  2  3  4 |
---------------+-------------+-----
Axes           | 3 4 |  4.2
Armour         | 4 |  4.3
Fighting       | 4 |  4.4
Shields        | 4 |  4.3

Action                   |  1- 3 |  4- 6 || total
-------------------------+-------+-------++-------
Melee: War axe           |    93 |    26 ||   119
       Headbutt          |    12 |     4 ||    16
Armor: Scale mail        |    36 |    13 ||    49
Dodge: Dodged            |    40 |     6 ||    46
Block: Buckler           |    17 |     3 ||    20
